 Dungeon Crawl Stone Soup version 0.26-a0-597-gb535b0901c (webtiles) character file.

Game seed: 435954096166016561

17405 ANON1729 the Fighter (level 12, 0/98 HPs)
             Began as a Demonspawn Delver on Aug 26, 2020.
             Was a Follower of Yredelemnul.
             Slain by a polar bear (22 damage)
             ... in an ice cave.
             The game lasted 00:47:39 (17263 turns).

ANON1729 the Fighter (Demonspawn Delver)           Turns: 17263, Time: 00:47:39

Health: 0/98       AC:  7    Str: 17    XL:     12   Next: 18%
Magic:  22/22      EV: 17    Int: 10    God:    Yredelemnul [*.....]
Gold:   736        SH:  5    Dex: 15    Spells: 20/24 levels left

rFire    + . .     SeeInvis .   H - +8 lance "Wyrmbane" {slay drac, rPois rF+ rC+ AC+3}
rCold    + + +     Faith    .   (no shield)
rNeg     . . .     Spirit   .   n - +1 robe {MR+}
rPois    +         Reflect  +   (helmet restricted)
rElec    .         Harm     .   C - +0 cloak
rCorr    .                      (no gloves)
MR       +....                  (no boots)
Stlth    ++++......             i - amulet of reflection
HPRegen  0.26/turn              b - -4 ring of intelligence (curse)
MPRegen  0.18/turn              (no ring)

@: studying Stealth
A: antennae 2, claws 2, hooves 1, clever 1, cold resistance 3, powered by pain
1, MP-powered wands
a: Animate Remains, Renounce Religion


You were in an ice cave.
You worshipped Yredelemnul.
Yredelemnul was aware of your devotion.
You visited 2 branches of the dungeon, and saw 13 of its levels.
You also visited: Ice Cave.

You collected 736 gold pieces.

Inventory:

Hand Weapons
 m - a +0 dagger
 q - a +1 short sword of electrocution
 E - the +6 whip "Ineonki" {freeze, SInv}
   (You found it on level 7 of the Dungeon)

   It has been specially enchanted to freeze those struck by it, causing extra
   injury to most foes and up to half again as much damage against particularly
   susceptible opponents.
   It can also slow down cold-blooded creatures.
   It lets you see invisible.
 H - the +8 lance "Wyrmbane" (weapon) {slay drac, rPois rF+ rC+ AC+3}
   (You found it on level 7 of the Dungeon)

   It affects your AC (+3).
   It protects you from fire.
   It protects you from cold.
   It protects you from poison.
Missiles
 r - 54 poisoned darts (quivered)
Armour
 n - a +1 robe of magic resistance (worn)
 C - a +0 cloak (worn)
 G - a +0 robe of resistance
Jewellery
 b - a cursed -4 ring of intelligence (left claw)
 i - an amulet of reflection (around neck)
 A - an uncursed amulet of guardian spirit
 D - an uncursed ring of poison resistance
 J - an uncursed amulet of regeneration
Wands
 a - a wand of flame (23)
 d - a wand of random effects (26)
 g - a wand of digging (3)
 v - a wand of polymorph (6)
Scrolls
 c - 4 scrolls of fog
 f - 3 scrolls of immolation
 h - 7 scrolls of remove curse
 j - 2 scrolls of enchant armour
 k - a scroll of fear
 p - 3 scrolls of amnesia
 u - 2 scrolls of identify
 w - 6 scrolls of teleportation
 y - 2 scrolls of enchant weapon
 I - a scroll of vulnerability
Potions
 o - 2 potions of mutation
 s - a potion of curing
 t - a potion of experience {unknown}
 x - 3 potions of brilliance
 z - a potion of stabbing
 B - a potion of magic {unknown}
 F - a potion of lignification {unknown}
 K - a potion of might
Books
 e - a manual of Stealth
Miscellaneous
 l - a phial of floods (inert)


   Skills:
 * Level 10.3 Fighting
 - Level 5.6 Short Blades
 * Level 7.1 Polearms
 + Level 0.4 Armour
 + Level 7.3 Dodging
 * Level 9.8 Stealth
 + Level 6.7 Spellcasting
 * Level 1.6 Summonings
 * Level 1.9 Necromancy
 * Level 3.0 Invocations
 + Level 4.6 Evocations


You had 20 spell levels left.
You knew the following spells:

 Your Spells              Type           Power        Failure   Level
a - Animate Skeleton      Necr           #.....       9%          1
b - Apportation           Tloc           #.....       19%         1
c - Summon Small Mammal   Summ           #...         10%         1
d - Corona                Hex            #......      19%         1

Your spell library contained the following spells:

 Spells                   Type           Power        Failure   Level
 Sting                    Tmut/Pois      #...         19%         1
 Poisonous Vapours        Pois/Air       #.....       28%         2
 Ignite Poison            Fire/Tmut/Pois #.......     50%         3
 Mephitic Cloud           Conj/Pois/Air  #.......     50%         3
 Olgreb's Toxic Radiance  Pois           #.......     88%         4


Dungeon Overview and Level Annotations

Branches:
Dungeon (12/15)            Temple (1/1) D:5             Orc (0/2) D:9
  IceCv (1/1)
   Lair: D:8-11

Altars:
Ashenzari
Cheibriados
Dithmenos
Elyvilon
Fedhas
Gozag
Hepliaklqana
Kikubaaqudgha
Makhleb
Nemelex Xobeh
Okawaru
Qazlal
Ru
Sif Muna
Trog
Uskayaw
Vehumet
Wu Jian
Xom
Yredelemnul
Zin
The Shining One

Shops:
D:9 :

Annotations:
D:7 4 runed translucent doors, Joseph
D:12 Snorg


Innate Abilities, Weirdness & Mutations

You have a pair of antennae on your head.
You have very sharp fingernails.
You have large cloven feet.
Your flesh is almost immune to the effects of cold. (rC+++)
You sometimes gain a little power by taking damage.
Your mind is acute. (Int +2)
You expend magic power (3 MP) to strengthen your wands.


Message History

You impale the polar bear!! Your kick misses the polar bear.
The polar bear is severely wounded.
You puncture the polar bear!
The polar bear is almost dead.
The polar bear bites you but does no damage.
The polar bear barely misses you.
The polar bear claws you but does no damage.
You barely miss the polar bear.
The polar bear is almost dead.
The polar bear goes berserk!
You hit the polar bear but do no damage.
The polar bear is almost dead.
The polar bear bites you!
* * * LOW HITPOINT WARNING * * *
The polar bear misses you. The polar bear closely misses you.
You closely miss the polar bear.
The polar bear is almost dead.
The polar bear bites you!!
You die...
Your body rises from the dead as a mindless zombie.

###################
##...##Y##..#......#
#...#@h#..#..##.####
#...#####...#####
#...# #..### ##..##
##..### #...#
##Y..## # #..##
##.#.## #.{{ #..#
#....####Y.# ##..#
#...###.###. #..##
##...###.###


You could see a polar bear (berserk) and a yak.

Vanquished Creatures
  A two-headed ogre (D:8)
  An unseen horror (D:9)
  2 ugly things
  A cyclops (D:11)
  Maurice (D:9)
  A guardian serpent (D:11)
  2 rime drakes (D:12)
  4 polar bears (IceCv)
  3 trolls
  4 hippogriffs
  21 yaks
  A wyvern (D:11)
  A basilisk (D:10)
  A wraith (D:10)
  Menkaure (D:6)
  A warg (D:9)
  9 orc warriors
  3 porcupines (D:10)
  2 ice beasts
  3 black bears
  An eye of draining (D:9)
  2 sky beasts
  7 ogres
  3 necrophages
  8 wolves (IceCv)
  A phantom (D:9)
  13 centaurs
  4 big kobolds
  3 crocodiles
  A wyvern zombie (D:10)
  4 bullfrogs
  6 scorpions
  5 killer bees (D:10)
  7 wights
  3 howler monkeys
  3 jellies
  15 orc wizards
  8 orc priests
  Crazy Yiuf (D:5)
  2 centaur skeletons
  3 gnoll shamans (D:8)
  5 hounds
  2 bullfrog skeletons
  Natasha (twice) (D:2)
  4 iguanas
  6 worker ants
  A howler monkey zombie (D:10)
  8 gnolls (D:8)
  5 adders
  3 shadow imps
  A white imp (D:7)
  2 ufetubi
  An adder skeleton (D:5)
  An adder zombie (D:6)
  2 worms
  5 leopard geckos
  48 orcs
  A ball python (D:4)
  10 bats
  2 giant cockroaches
  7 goblins
  9 hobgoblins
  7 jackals
  3 quokkas
  9 frilled lizards
  A jackal zombie (D:5)
  11 kobolds
  A quokka zombie (D:5)
  7 rats
327 creatures vanquished.

Vanquished Creatures (others)
  A polar bear zombie (IceCv)
  A yak zombie (IceCv)
  A bush (D:10)
  10 fungi
  43 plants
56 creatures vanquished.

Grand Total: 383 creatures vanquished

Notes
Turn   | Place    | Note
-------+----------+-------------------------------------------
     0 | D:5      | ANON1729 the Demonspawn Delver began the quest for the Orb.
     0 | D:5      | Reached XP level 1. HP: 18/18 MP: 1/1
    22 | D:5      | Gained mutation: You have a pair of small antennae on your
                  | head. [demonic ancestry]
    22 | D:5      | Reached XP level 2. HP: 8/24 MP: 2/2
    22 | D:5      | Reached XP level 3. HP: 10/29 MP: 3/3
   288 | D:5      | Noticed a centaur
   518 | D:3      | Found a basalt altar of Yredelemnul.
  1092 | D:3      | Found a bloodstained altar of Trog.
  1351 | D:3      | Reached skill level 5 in Stealth
  1351 | D:3      | Gained mutation: You sometimes gain a little power by
                  | taking damage. [demonic ancestry]
  1351 | D:3      | Reached XP level 4. HP: 26/36 MP: 4/4
  1441 | D:3      | Found a glowing golden altar of the Shining One.
  1860 | D:4      | Found an iron altar of Okawaru.
  2098 | D:4      | Reached skill level 1 in Spellcasting
  2104 | D:4      | Gained mutation: You have a pair of antennae on your head.
                  | [demonic ancestry]
  2104 | D:4      | Reached XP level 5. HP: 16/42 MP: 6/6
  2444 | D:2      | Found a bloodstained altar of Trog.
  2453 | D:2      | Found an ornate altar of the Wu Jian Council.
  2507 | D:2      | Noticed Natasha
  2781 | D:2      | Killed Natasha
  2781 | D:2      | Reached skill level 4 in Fighting
  3597 | D:2      | Noticed Natasha
  3608 | D:2      | Killed Natasha
  3730 | D:4      | Found a snail-covered altar of Cheibriados.
  3747 | D:4      | Gained mutation: You have sharp fingernails. [demonic
                  | ancestry]
  3747 | D:4      | Reached XP level 6. HP: 40/48 MP: 8/8
  3917 | D:4      | Noticed a sky beast
  3931 | D:4      | Killed a sky beast
  4103 | D:4      | Learned a level 1 spell: Animate Skeleton
  4105 | D:4      | Learned a level 1 spell: Apportation
  4107 | D:4      | Learned a level 1 spell: Summon Small Mammal
  4109 | D:4      | Learned a level 1 spell: Corona
  4257 | D:5      | Found a radiant altar of Vehumet.
  4315 | D:5      | Gained mutation: You have large cloven feet. [demonic
                  | ancestry]
  4315 | D:5      | Reached XP level 7. HP: 10/55 MP: 10/10
  4624 | D:5      | Found a staircase to the Ecumenical Temple.
  5152 | D:5      | Found a runed translucent door.
  5153 | D:5      | Noticed Crazy Yiuf
  5402 | D:5      | Killed Crazy Yiuf
  5474 | Temple   | Entered the Ecumenical Temple
  5578 | D:6      | Noticed Menkaure
  5601 | D:5      | Reached skill level 5 in Fighting
  5920 | D:6      | Killed Menkaure
  5920 | D:6      | Reached XP level 8. HP: 62/62 MP: 11/13
  6363 | D:6      | Found a white marble altar of Elyvilon.
  6364 | D:6      | Found an opulent altar of Gozag.
  7157 | D:7      | Got an ancient whip
  7169 | D:7      | Found a sacrificial altar of Ru.
  7395 | D:7      | Noticed a hippogriff
  7406 | D:7      | Killed a hippogriff
  7406 | D:7      | Reached skill level 6 in Fighting
  7406 | D:7      | Reached skill level 5 in Short Blades
  7406 | D:7      | Reached skill level 5 in Dodging
  7637 | D:7      | Noticed a hippogriff
  7642 | D:7      | Identified the +6 whip "Ineonki" {freeze, SInv} (You found
                  | it on level 7 of the Dungeon)
  7663 | D:7      | Killed a hippogriff
  7663 | D:7      | Gained mutation: You have very sharp fingernails. [demonic
                  | ancestry]
  7663 | D:7      | Reached XP level 9. HP: 42/70 MP: 10/15
  7826 | D:7      | Found a sacrificial altar of Ru.
  7830 | D:7      | Noticed Joseph
  7842 | D:7      | Found a huge runed translucent gate.
  7842 | D:7      | Noticed a polar bear
  7843 | D:7      | Found a huge runed translucent gate.
  8154 | D:7      | Found the +8 lance "Wyrmbane" {slay drac, rPois rF+ rC+
                  | AC+3}
  8721 | D:7      | Found a huge runed translucent gate.
  8722 | D:7      | Found a huge runed translucent gate.
  8722 | D:7      | Noticed a polar bear
  9239 | D:8      | Reached skill level 1 in Polearms
  9325 | D:8      | Reached skill level 7 in Fighting
  9866 | D:9      | Killed an unseen horror
  9866 | D:9      | Reached skill level 5 in Spellcasting
  9866 | D:9      | Reached XP level 10. HP: 16/80 MP: 1/17
 10125 | D:9      | Found a stormy altar of Qazlal.
 10130 | D:9      | Found Bun Padun's Book Boutique.
 10142 | D:9      | Found a shattered altar of Ashenzari.
 10171 | D:9      | Noticed Maurice
 10204 | D:9      | Killed Maurice
 10204 | D:9      | Reached skill level 8 in Fighting
 10204 | D:9      | Reached skill level 1 in Evocations
 10612 | D:9      | Found a staircase to the Orcish Mines.
 11099 | D:8      | Noticed a two-headed ogre
 11432 | D:8      | Found a burning altar of Makhleb.
 12340 | D:8      | Killed a two-headed ogre
 12340 | D:8      | Reached skill level 9 in Fighting
 12340 | D:8      | Reached skill level 5 in Polearms
 12760 | D:10     | Entered Level 10 of the Dungeon
 12786 | D:10     | Gained mutation: Your flesh is cold resistant. (rC+)
                  | [demonic ancestry]
 12786 | D:10     | Reached XP level 11. HP: 56/89 MP: 13/19
 14407 | D:11     | Gained mutation: Your mind is acute. (Int +2) [potion of
                  | mutation]
 14407 | D:11     | Gained mutation: Your flesh is very cold resistant. (rC++)
                  | [potion of mutation]
 14407 | D:11     | Gained mutation: You expend magic power (3 MP) to
                  | strengthen your wands. [potion of mutation]
 14407 | D:11     | Gained mutation: Your flesh is almost immune to the effects
                  | of cold. (rC+++) [potion of mutation]
 14483 | D:11     | Identified a scroll of acquirement
 14486 | D:11     | Acquired a manual of Stealth
 14514 | D:11     | Noticed a purple ugly thing
 14537 | D:11     | Killed a purple ugly thing
 14798 | D:11     | Reached skill level 10 in Fighting
 14816 | D:11     | Found a gate leading to a gauntlet.
 14824 | D:11     | HP: 2/90 [orc/+0 dagger (5)]
 14829 | D:11     | Noticed a two-headed ogre
 15927 | D:3      | Became a worshipper of Yredelemnul the Dark
 16208 | D:12     | Noticed Snorg
 16226 | D:12     | Noticed a deep elf mage
 16317 | D:12     | Reached skill level 1 in Invocations
 16413 | D:12     | Noticed an eight-headed hydra
 16503 | D:12     | Found a frozen archway.
 16522 | D:12     | Noticed a white ugly thing
 16554 | D:12     | Killed a white ugly thing
 16554 | D:12     | Reached skill level 1 in Necromancy
 16561 | D:12     | Reached * piety under Yredelemnul
 16563 | IceCv    | Entered an ice cave
 16591 | IceCv    | Reached skill level 1 in Summonings
 16591 | IceCv    | Reached XP level 12. HP: 93/97 MP: 21/21
 17263 | IceCv    | Slain by a polar bear

Illustrated notes

Levels and vault maps discovered:
D:1:      dpeg_arrival_snail, layout_loops_ring
D:2:      layout_rooms, minitemple, uniq_natasha
D:3:      layout_basic, overflow_temple_1_default, tso_oasis_becter, bloody_trog
D:4:      minmay_spotlight, layout_rooms, overflow_temple_1_default,
          cheibriados_altar_1
D:5:      layout_cave_pools, vehumet_crystals, minmay_temple_entry_purple_smoke,
          uniq_crazy_yiuf_cottage
D:6:      layout_gridville, nicolae_overflow_hidden_temple, chequers_arboretum,
          hangedman_abyss_or_decor_stabs, uniq_menkaure
D:7:      lemuel_bear_cage, layout_layer_cave, basic_altar,
          kennysheep_small_circle, uniq_joseph
D:8:      kennysheep_seaside_town, layout_basic, old_standard_altar
D:9:      layout_rooms, kennysheep_mini_moat, nicolae_qazlal_eye_of_the_storm,
          erik_orc_4, serial_shops, shop, enter_bailey_8, uniq_maurice
D:10:     layout_basic, minmay_lair_entry_grove
D:11:     layout_rooms, gauntlet_entry_generic
D:12:     layout_loops_ring, portal_ice_cave_rime, uniq_snorg
Temple:   zaba_magenta_temple
IceCv:    ice_cave_caverns_01

Skill      XL: |  1  2  3  4  5  6  7  8  9 10 11 12 |
---------------+-------------------------------------+-----
Short Blades   | 2 3 4 5 |  5.6
Dodging        | 2 3 4 5 6 7 |  7.3
Stealth        | 5 6 7 8 9 |  9.8
Spellcasting   | 1 2 3 4 5 6 |  6.7
Fighting       | 4 5 6 7 9 10 | 10.3
Polearms       | 3 5 6 7 |  7.1
Evocations     | 2 4 |  4.6
Invocations    | 2 3 |  3.0
Necromancy     | 1 |  1.9
Summonings     | 1 |  1.6
Armour         | |  0.4

Action                   |  1- 3 |  4- 6 |  7- 9 | 10-12 || total
-------------------------+-------+-------+-------+-------++-------
Melee: Short sword       |    88 |   161 |   160 |       ||   409
       Kick              |       |       |    87 |   204 ||   291
       Whip              |       |       |    59 |       ||    59
       Lance             |       |       |   101 |   698 ||   799
Throw: Dart              |       |       |    10 |       ||    10
 Cast: Animate Skeleton  |       |       |       |     4 ||     4
Invok: Animate Remains   |       |       |       |     2 ||     2
Evoke: Wand              |       |     1 |     3 |    13 ||    17
       Phial of floods   |       |       |       |     1 ||     1
  Use: Scroll            |     1 |     1 |     8 |    14 ||    24
       Potion            |     1 |     1 |     5 |    10 ||    17
 Stab: Sleeping          |     4 |    21 |     7 |     8 ||    40
       Distracted        |       |       |       |     5 ||     5
Armor: Leather armour    |    21 |    39 |       |       ||    60
       Robe              |       |     1 |    52 |    68 ||   121
Dodge: Dodged            |    55 |    93 |   233 |   395 ||   776
Block: Other             |       |       |       |    56 ||    56
       Reflection        |       |       |       |     1 ||     1

Table legend: (Time is in decaauts)
 A = Elapsed time spent in this place.
 B = Non-inter-level travel time spent in this place.
 C = Inter-level travel time spent in this place.
 D = Time resting spent in this place.
 E = Time spent auto-exploring this place.
 F = Levels seen in this place.
 G = Mean time per level.
                   A        B        C        D        E       F      G
               +--------+--------+--------+--------+--------+-----+--------+
         Total |  17126 |  15997 |   1129 |   7427 |   5316 |  14 | 1223.3 |
       Dungeon |  16381 |  15272 |   1109 |   7074 |   5156 |  12 | 1365.1 |
        Temple |     76 |     57 |     19 |      0 |     57 |   1 |   76.0 |
      Ice Cave |    669 |    669 |      0 |    353 |    103 |   1 |  669.0 |
               +--------+--------+--------+--------+--------+-----+--------+

Top non-repeatable levels by time:
     D:8: 2498 daAuts
    D:10: 2432 daAuts
     D:7: 2193 daAuts
     D:5: 1876 daAuts
     D:3: 1458 daAuts
     D:9: 1401 daAuts
     D:6: 1401 daAuts
     D:4: 1087 daAuts
   IceCv: 669 daAuts
     D:2: 633 daAuts
     D:1: 617 daAuts
    D:11: 449 daAuts
    D:12: 331 daAuts
  Temple: 76 daAuts
